 Dungeon Crawl Stone Soup version 0.27-a0-1181-g5f64966fcc (webtiles) character file.

Game seed: 9366450036074551116

12136 Strat the Fighter (level 11, -2/73 HPs)
             Began as a Tengu Venom Mage on May 17, 2021.
             Was the Champion of Okawaru.
             Slain by a catoblepas (29 damage)
             ... on level 2 of the Lair of Beasts.
             The game lasted 00:44:20 (15658 turns).

Strat the Fighter (Tengu Venom Mage)               Turns: 15658, Time: 00:44:22

Health: -2/73      AC: 11    Str: 11    XL:     11   Next: 88%
Magic:  5/16       EV: 19    Int: 17    God:    Okawaru [******]
Gold:   725        SH:  5    Dex: 14    Spells: 2/16 levels left

rFire    . . .     SeeInvis .   b - +7 short sword "Zawneu" {flame, rC+ rN+}
rCold    + . .     Faith    .   (no shield)
rNeg     + . .     Spirit   .   u - +3 leather armour
rPois    +         Reflect  +   (helmet restricted)
rElec    .         Harm     .   q - +2 cloak
rCorr    .         Rampage  .   J - +0 pair of gloves
Will     .....                  (boots unavailable)
Stlth    ++........             d - amulet of reflection
HPRegen  0.22/turn              h - ring of poison resistance
MPRegen  0.15/turn              s - ring of wizardry

@: flying quickly and evasively, hasted, very quick
A: beak, talons 3, nimble flight
a: Renounce Religion, Heroism, Finesse


You were on level 2 of the Lair of Beasts.
You worshipped Okawaru.
Okawaru was exalted by your worship.
You visited 2 branches of the dungeon, and saw 13 of its levels.

You collected 725 gold pieces.

Inventory:

Hand Weapons
 a - a +2 rapier of draining
 b - the +7 short sword "Zawneu" (weapon) {flame, rC+ rN+}
   (You found it on level 9 of the Dungeon)

   It has been specially enchanted to burn those struck by it, causing extra
   injury to most foes and up to half again as much damage against particularly
   susceptible opponents.
   It protects you from cold.
   It protects you from negative energy.
 v - the +8 trident "Xyaji" {flame, Int+7}
   (You found it on level 1 of the Lair of Beasts)

   It has been specially enchanted to burn those struck by it, causing extra
   injury to most foes and up to half again as much damage against particularly
   susceptible opponents.
   It affects your intelligence (+7).
 L - the +7 arbalest of Gump {penet, rF+ Dex+4}
   (You found it on level 2 of the Lair of Beasts)

   Ammo fired by it passes through the targets it hits, potentially hitting all
   targets in its path until it reaches maximum range.
   It affects your dexterity (+4).
   It protects you from fire.
Missiles
 m - 215 stones
 n - 12 javelins
 D - 5 silver javelins
 E - a curare-tipped dart
Armour
 i - the +2 shield of Resistance {rF++ rC++ Will++}
   (You found it on level 9 of the Dungeon)

   It greatly protects you from fire.
   It greatly protects you from cold.
   It greatly increases your willpower.
 q - a +2 cloak (worn)
 u - a +3 leather armour (worn)
 y - the +1 ring mail "Cakoen" {rElec Will+ Stlth+}
   (You found it on level 5 of the Dungeon)

   It insulates you from electricity.
   It increases your willpower.
   It makes you more stealthy.
 J - a +0 pair of gloves (worn)
Jewellery
 d - an amulet of reflection (around neck)
 h - a ring of poison resistance (left hand)
 s - a ring of wizardry (right hand)
 w - a ring of wizardry
Wands
 j - a wand of digging (2)
 A - a wand of mindburst (15)
 I - a wand of acid (9)
Scrolls
 c - 3 scrolls of teleportation
 B - a scroll of magic mapping
 K - a scroll of enchant armour
Potions
 e - 6 potions of might
 f - 3 potions of brilliance
 g - 2 potions of attraction
 k - a potion of cancellation
 l - 2 potions of berserk rage
 o - a potion of mutation
 p - a potion of resistance {unknown}
 r - a potion of flight {unknown}
 t - 2 potions of heal wounds {unknown}
 x - a potion of magic {unknown}
 z - 3 potions of curing {unknown}
 G - a potion of haste
 H - 2 potions of ambrosia {unknown}
Miscellaneous
 C - a lightning rod (4/4)
 F - a phantom mirror


   Skills:
 + Level 10.5 Fighting
 - Level 3.0 Short Blades
 - Level 6.0 Armour
 - Level 10.0 Dodging
 - Level 2.0 Stealth
 - Level 3.0 Spellcasting
 - Level 5.0 Conjurations
 - Level 5.0 Summonings
 - Level 0.7 Transmutations
 - Level 5.0 Air Magic
 - Level 5.0 Poison Magic
 - Level 6.0 Invocations


You had 2 spell levels left.
You knew the following spells:

 Your Spells              Type           Power      Damage    Failure   Level
a - Sting                 Tmut/Pois      48%        1d5       2%          1
b - Poisonous Vapours     Pois/Air       38%        N/A       1%          2
c - Mephitic Cloud        Conj/Pois/Air  19%        N/A       3%          3
d - Ignite Poison         Fire/Tmut/Pois 9%         N/A       12%         3
e - Summon Lightning Spi  Summ/Air       19%        N/A       12%         4
f - Apportation           Tloc           4%         N/A       9%          1

Your spell library contained the following spells:

 Spells                   Type           Power      Damage    Failure   Level
 Summon Small Mammal      Summ           76%        N/A       1%          1
 Call Imp                 Summ           19%        N/A       1%          2
 Foxfire                  Conj/Fire      44%        2x1d6     3%          1
 Corpse Rot               Necr/Air       N/A        N/A       4%          2
 Animate Skeleton         Necr           4%         N/A       9%          1
 Corona                   Hex            2%         N/A       9%          1
 Ensorcelled Hibernation  Hex/Ice        4%         N/A       13%         2
 Call Canine Familiar     Summ           19%        N/A       3%          3
 Conjure Flame            Conj/Fire      11%        6-21      10%         3
 Dazzling Flash           Conj/Hex       22%        N/A       10%         3
 Stone Arrow              Conj/Erth      22%        3d8       10%         3
 Summon Guardian Golem    Hex/Summ       11%        N/A       10%         3
 Olgreb's Toxic Radiance  Pois           19%        N/A       12%         4
 Confusing Touch          Hex            2%         N/A       26%         3
 Inner Flame              Hex/Fire       2%         N/A       26%         3
 Tukima's Dance           Hex            2%         N/A       26%         3
 Sticky Flame             Conj/Fire      11%        2d3       30%         4
 Summon Ice Beast         Ice/Summ       11%        N/A       30%         4
 Fireball                 Conj/Fire      5%         3d5       61%         5
 Summon Forest            Summ/Tloc      5%         N/A       61%         5
 Hydra Form               Tmut           2%         N/A       86%         5
 Eringya's Noxious Bog    Tmut/Pois      6%         N/A       98%         6
 Summon Hydra             Summ           9%         N/A       100%        7


Dungeon Overview and Level Annotations

Branches:
Dungeon (11/15)            Temple (0/1) D:4            Lair (2/6) D:8
  Snake (0/4) Lair:2          Orc (0/2) D:10
  Swamp: Lair:2-4    Shoals: Lair:2-4

Altars:
Ashenzari
Elyvilon
Fedhas
Hepliaklqana
Makhleb
Okawaru
Qazlal
Ru
Sif Muna
Vehumet
Xom
Zin

Shops:
D:6 :

Annotations:
D:2 Natasha, Robin
D:5 Grinder
D:6 Pikel
D:9 exclusion: obsidian statue


Innate Abilities, Weirdness & Mutations

You have a beak for a mouth.
You have claws for feet.
Your magical nature lets you fly swiftly and evasively.


Message History

Casting: Mephitic Cloud (dangerous; 3% risk of failure)
Confirm with . or Enter, or press ? or * to list all spells.
Aiming: Mephitic Cloud (dangerous; 3% risk of failure)
Press: ? - help, Shift-Dir - straight line, p - catoblepas You miscast Mephitic Cloud.
You are very lightly contaminated with residual magic.
Nothing appears to happen.
Casting: Mephitic Cloud (dangerous; 3% risk of failure)
Confirm with . or Enter, or press ? or * to list all spells.
Aiming: Mephitic Cloud (dangerous; 3% risk of failure)
Press: ? - help, Shift-Dir - straight line, f - catoblepas
Aim: a catoblepas (chance to affect: 34%)
The ball explodes into a vile cloud!
The stinking cloud engulfs the catoblepas but does no damage.
* * * LOW MAGIC WARNING * * *
The catoblepas is engulfed in noxious fumes.
Casting: Mephitic Cloud (dangerous; 3% risk of failure)
Confirm with . or Enter, or press ? or * to list all spells.
You ignite the poison in your surroundings!
* * * LOW MAGIC WARNING * * *
The catoblepas breathes a plume of calcifying dust at you.
The blast of calcifying dust hits you but does no damage.
The catoblepas breathes a plume of calcifying dust at you.
The blast of calcifying dust hits you.
You hit the catoblepas. You burn the catoblepas.
You claw the catoblepas, but do no damage.
You peck the catoblepas.
The catoblepas is lightly wounded.
The catoblepas closely misses you.
You hit the catoblepas but do no damage.
You claw the catoblepas, but do no damage.
The catoblepas is lightly wounded.
The catoblepas gores you! The catoblepas gores you!!
* * * LOW HITPOINT WARNING * * *
Your magical contamination has completely faded away.
Okay, then.
Okay, then.
You feel yourself speed up. The catoblepas gores you!!
You die...

#. ###########.### ######
###.##[#..##.##.##P########..#.##
.................................
.................................
...##..............P##...#P..#...
.................§...............
.#P.........###.§.........#P.#...
................Y§...............
..##.#.#....P##.@.§.....###......
.####...#.....#....§..##.####....
........................... ....
...P#....#.#..###.....#P.... ....
......................§..... ....
....P.#...#.#.#.##...... ...P
........................ ...
......####..#.P#..P..#.. #..
.....## #....####..### . #..


You could see a catoblepas.

Vanquished Creatures
  A hydra (D:11)
  A boulder beetle (D:9)
  A two-headed ogre (D:11)
  A deep elf pyromancer (D:8)
  An ugly thing (D:11)
  4 cane toads
  2 komodo dragons
  A rime drake (Lair:2)
  4 trolls
  A blink frog (Lair:2)
  A wraith (D:9)
  A wyvern (Lair:2)
  A vampire (D:10)
  9 yaks (D:9)
  A steam dragon (D:5)
  Grum (Lair:1)
  4 water moccasins
  A black bear (D:6)
  2 ice beasts (D:7)
  A sky beast (D:7)
  5 orc warriors
  A necrophage (D:3)
  An ogre (D:7)
  2 wolves (Lair:1)
  A lemure (D:6)
  3 phantoms
  3 kobold brigands
  Blork the orc (D:5)
  7 bullfrogs
  A scorpion (D:5)
  A wyvern skeleton (D:7)
  A water moccasin skeleton (D:4)
  3 killer bees (D:11)
  A crimson imp (D:5)
  5 howler monkeys
  4 bullfrog zombies
  3 centaur zombies
  2 orc priests
  A jelly (D:7)
  2 bullfrog skeletons
  A centaur skeleton (D:7)
  Natasha (twice) (D:2)
  2 iguanas
  An orc wizard (D:8)
  2 killer bee zombies (D:8)
  A hound skeleton (D:5)
  A howler monkey zombie (D:8)
  3 gnolls (D:5)
  6 adders
  2 white imps
  2 ufetubi
  An adder zombie (D:5)
  2 worms
  The ghost of JuniperTheExplorer the Sneak, a weakling KoDe (D:5)
  4 dart slugs
  36 orcs
  4 bats
  6 endoplasms
  2 giant cockroaches
  9 goblins
  7 hobgoblins
  10 jackals
  29 kobolds
  6 quokkas
  7 ball pythons
  5 frilled lizards
  5 rats
244 creatures vanquished.

Vanquished Creatures (others)
  An orc wizard (D:7)
  9 fungi
  34 plants
44 creatures vanquished.

Grand Total: 288 creatures vanquished

Notes
Turn   | Place    | Note
-------+----------+-------------------------------------------
     0 | D:1      | Strat the Tengu Venom Mage began the quest for the Orb.
     0 | D:1      | Reached XP level 1. HP: 10/10 MP: 4/4
   165 | D:1      | Reached XP level 2. HP: 10/15 MP: 1/6
   260 | D:1      | Learned a level 2 spell: Poisonous Vapours
   511 | D:1      | Found a faded altar of an unknown god.
   831 | D:1      | Reached XP level 3. HP: 19/19 MP: 4/7
  1363 | D:2      | Found an iron altar of Okawaru.
  1370 | D:2      | Became a worshipper of Warmaster Okawaru
  1375 | D:2      | Noticed Natasha
  1406 | D:2      | Killed Natasha
  1407 | D:2      | Reached skill level 1 in Fighting
  1407 | D:2      | Reached XP level 4. HP: 19/25 MP: 2/8
  2161 | D:2      | Noticed Robin
  2175 | D:2      | Noticed Natasha
  2190 | D:2      | Killed Natasha
  2191 | D:2      | Reached skill level 5 in Poison Magic
  2191 | D:2      | Gained mutation: Your magical nature lets you fly swiftly
                  | and evasively. [Tengu growth]
  2191 | D:2      | Reached XP level 5. HP: 21/30 MP: 1/9
  2202 | D:2      | Noticed Natasha
  2369 | D:3      | Found a sacrificial altar of Ru.
  2369 | D:3      | Noticed a necrophage
  2436 | D:3      | Killed a necrophage
  2546 | D:3      | Learned a level 3 spell: Mephitic Cloud
  2813 | D:3      | Reached XP level 6. HP: 34/38 MP: 10/10
  2936 | D:4      | Reached skill level 1 in Air Magic
  3193 | D:4      | Found a white marble altar of Elyvilon.
  3350 | D:4      | Found a staircase to the Ecumenical Temple.
  3994 | D:5      | Entered Level 5 of the Dungeon
  4032 | D:5      | Reached * piety under Okawaru
  4160 | D:5      | Found a shimmering blue altar of Sif Muna.
  4366 | D:5      | Reached skill level 1 in Conjurations
  4366 | D:5      | Reached XP level 7. HP: 17/44 MP: 11/11
  4712 | D:5      | Found a runed translucent door.
  4714 | D:5      | Reached skill level 5 in Fighting
  4941 | D:5      | Found a broken altar of Ashenzari.
  5134 | D:5      | Identified the +1 ring mail "Cakoen" {rElec Will+ Stlth+}
  5269 | D:5      | Noticed Blork the orc
  5551 | D:5      | Found a blossoming altar of Fedhas.
  5592 | D:5      | Found a stormy altar of Qazlal.
  5861 | D:5      | Killed Blork the orc
  5862 | D:5      | Reached skill level 5 in Air Magic
  6192 | D:5      | Noticed JuniperTheExplorer's ghost (weakling KoDe)
  6222 | D:5      | Killed JuniperTheExplorer's ghost
  6339 | D:6      | Noticed a steam dragon
  6378 | D:6      | Reached skill level 5 in Conjurations
  6441 | D:6      | Reached XP level 8. HP: 49/49 MP: 12/12
  6458 | D:6      | Reached ** piety under Okawaru
  6459 | D:6      | Reached skill level 1 in Armour
  6463 | D:6      | Found Pezoran's Book Shop.
  6670 | D:6      | Noticed Grinder
  6930 | D:6      | Found a glowing silver altar of Zin.
  6963 | D:6      | Noticed Pikel
  7479 | D:7      | Reached *** piety under Okawaru
  7480 | D:7      | Reached XP level 9. HP: 49/56 MP: 13/13
  7576 | D:7      | Reached skill level 5 in Dodging
  7965 | D:7      | Reached skill level 5 in Armour
  8478 | D:8      | Found an iron altar of Okawaru.
  8889 | D:8      | Reached skill level 1 in Invocations
  8902 | D:8      | Found a burning altar of Makhleb.
  8956 | D:8      | Learned a level 3 spell: Ignite Poison
  9196 | D:8      | Found a staircase to the Lair.
  9328 | D:8      | Noticed a deep elf pyromancer
  9340 | D:8      | Killed a deep elf pyromancer
  9340 | D:8      | Reached **** piety under Okawaru
  9686 | D:9      | Noticed a troll
  9690 | D:9      | Killed a troll
  9691 | D:9      | Reached XP level 10. HP: 64/64 MP: 3/14
  9800 | D:9      | Found a shimmering altar of Xom.
  9909 | D:9      | Learned a level 4 spell: Summon Lightning Spire
 10018 | D:9      | Found the +2 shield of Resistance {rF++ rC++ Will++}
 10067 | D:9      | Noticed an obsidian statue
 10078 | D:9      | Noticed a sun demon
 10294 | D:9      | Noticed a soul eater
 10294 | D:9      | Noticed a sun demon
 10619 | D:9      | Found a hazy altar of Hepliaklqana.
 10673 | D:9      | Noticed a boulder beetle
 10901 | D:9      | Learned a level 1 spell: Apportation
 10906 | D:9      | Identified the +7 short sword "Zawneu" {flame, rC+ rN+}
 11039 | D:9      | Killed a boulder beetle
 11039 | D:9      | Reached ***** piety under Okawaru
 11040 | D:9      | Reached skill level 5 in Invocations
 11681 | D:10     | Entered Level 10 of the Dungeon
 11851 | D:10     | Reached skill level 1 in Summonings
 11963 | D:10     | Reached skill level 10 in Fighting
 11963 | D:10     | Reached XP level 11. HP: 72/72 MP: 2/16
 12212 | D:10     | Found a radiant altar of Vehumet.
 12306 | D:10     | Found a staircase to the Orcish Mines.
 12652 | D:11     | Noticed a two-headed ogre
 12665 | D:11     | Killed a two-headed ogre
 12943 | D:11     | Reached skill level 5 in Summonings
 13150 | D:11     | Noticed a seven-headed hydra
 13161 | D:11     | Killed a seven-headed hydra
 13161 | D:11     | Received a gift from Okawaru
 13161 | D:11     | Reached ****** piety under Okawaru
 13778 | D:11     | Noticed a cyan ugly thing
 13806 | D:11     | Killed a cyan ugly thing
 13806 | D:11     | Received a gift from Okawaru
 14171 | Lair:1   | Entered Level 1 of the Lair of Beasts
 14353 | Lair:1   | Reached skill level 1 in Short Blades
 14701 | Lair:1   | Received a gift from Okawaru
 14721 | Lair:1   | Noticed Grum
 14756 | Lair:1   | Killed Grum
 15216 | Lair:1   | Identified the +8 trident "Xyaji" {flame, Int+7}
 15232 | Lair:2   | Found a staircase to the Snake Pit.
 15235 | Lair:2   | Noticed a catoblepas
 15435 | Lair:2   | Reached skill level 10 in Dodging
 15619 | Lair:2   | Identified the +7 arbalest of Gump {penet, rF+ Dex+4}
 15658 | Lair:2   | Slain by a catoblepas

Illustrated notes

Levels and vault maps discovered:
D:1:      matt_arrival_refuge, layout_basic, ebering_ecumenical_altar_mist,
          minmay_hedge_maze
D:2:      layout_basic, basic_altar, serial_forest,
          infiniplex_forest_clump_small, infiniplex_forest_clump_curved,
          infiniplex_forest_straight_3, infiniplex_forest_clump_tiny,
          infiniplex_forest_clump_cross, feat_on_display, uniq_natasha,
          uniq_robin
D:3:      layout_loops_cross, lemuel_round_altar, grunt_decor_mini_mirrors,
          chequers_serial_rivers_small_3
D:4:      layout_gridville, lemuel_doored_altar, temple_fountains,
          grunt_ministairs_14
D:5:      layout_rooms, grunt_temple_overflow_forces_of_nature,
          general_overflow_altar, cheibrodos_ashenzari_chains,
          ebering_ghost_sewer_d, minmay_fire_ice_demons, uniq_blork_the_orc
D:6:      layout_rooms, lemuel_round_altar, serial_shops, nicolae_shop_crystal,
          uniq_pikel, uniq_grinder
D:7:      layout_rooms
D:8:      layout_layer_cave, old_standard_altar, marbit_many_paths,
          lair_entry_dummy, st_stairs_3, guppyfry_early_elven_hall
D:9:      layout_roguey, kennysheep_mini_moat, amcnicky_altar_gilded,
          minmay_protected_statue
D:10:     layout_roguey, overflow_temple_1_default, david_orc_2
D:11:     layout_irregular_city, lightli_orcish_oven
Lair:1:   layout_regular_city, amcnicky_mini_pool_medium, lemuel_fruit_fields,
          uniq_grum
Lair:2:   layout_long_grid, skrybe_swamp_entry_bodies,
          guppyfry_snake_entry_island, wad_woods_river_01

Skill      XL: |  1  2  3  4  5  6  7  8  9 10 11 |
---------------+----------------------------------+-----
Poison Magic   | 4 5 |  5.0
Fighting       | 1 2 3 4 5 6 8 10 | 10.5
Air Magic      | 3 5 |  5.0
Conjurations   | 1 5 |  5.0
Armour         | 4 6 |  6.0
Dodging        | 4 6 10 | 10.0
Invocations    | 3 6 |  6.0
Spellcasting   | 3 |  3.0
Summonings     | 2 5 |  5.0
Short Blades   | 3 |  3.0
Stealth        | |  2.0
Transmutations | |  0.7

Action                   |  1- 3 |  4- 6 |  7- 9 | 10-12 || total
-------------------------+-------+-------+-------+-------++-------
Melee: Dagger            |    20 |    41 |       |       ||    61
       Peck              |     4 |    30 |    65 |    57 ||   156
       Mace              |     2 |       |       |       ||     2
       Kick              |     6 |    45 |    91 |    89 ||   231
       Short sword       |       |   164 |   374 |   269 ||   807
       Trident           |       |       |       |    17 ||    17
 Cast: Sting             |     6 |     2 |       |       ||     8
       Poisonous Vapours |    23 |    15 |    23 |     3 ||    64
       Mephitic Cloud    |       |       |     9 |    39 ||    48
       Ignite Poison     |       |       |     3 |    29 ||    32
       Apportation       |       |       |       |     3 ||     3
       Summon Lightning  |       |       |       |     1 ||     1
Evoke: Wand              |       |       |     1 |     5 ||     6
  Use: Scroll            |       |     7 |     8 |     9 ||    24
       Potion            |       |       |       |     3 ||     3
 Stab: Sleeping          |     3 |     5 |     5 |     1 ||    14
       Confused          |       |       |     8 |     5 ||    13
Armor: Robe              |     2 |    19 |       |       ||    21
       Ring mail         |       |    26 |   109 |    56 ||   191
       Leather armour    |       |       |       |    35 ||    35
Dodge: Dodged            |    11 |   104 |   219 |   196 ||   530
Block: Other             |     7 |    50 |    87 |    68 ||   212
       Reflection        |       |       |       |     3 ||     3

Table legend: (Time is in decaauts)
 A = Elapsed time spent in this place.
 B = Non-inter-level travel time spent in this place.
 C = Inter-level travel time spent in this place.
 D = Time resting spent in this place.
 E = Time spent auto-exploring this place.
 F = Levels seen in this place.
 G = Mean time per level.
                   A        B        C        D        E       F      G
               +--------+--------+--------+--------+--------+-----+--------+
         Total |  15059 |  14520 |    539 |   4635 |   6540 |  13 | 1158.4 |
       Dungeon |  13650 |  13164 |    486 |   4279 |   5826 |  11 | 1240.9 |
          Lair |   1408 |   1356 |     52 |    356 |    713 |   2 |  704.0 |
               +--------+--------+--------+--------+--------+-----+--------+

Top non-repeatable levels by time:
     D:9: 1951 daAuts
     D:5: 1908 daAuts
     D:4: 1666 daAuts
    D:11: 1579 daAuts
     D:1: 1362 daAuts
     D:8: 1215 daAuts
     D:7: 1171 daAuts
  Lair:1: 991 daAuts
     D:2: 866 daAuts
    D:10: 734 daAuts
     D:3: 653 daAuts
     D:6: 541 daAuts
  Lair:2: 417 daAuts
